 Dungeon Crawl Stone Soup version 0.24-a0-530-g18ba70b503 (webtiles) character file.

Game seed: 4256651342645788484

137 BinkBink the Slasher (level 5, 0/49 HPs)
             Began as a Deep Dwarf Berserker on Aug 8, 2019.
             Was a Believer of Trog.
             Slain by an iguana (4 damage)
             ... on level 4 of the Dungeon.
             The game lasted 00:02:57 (2184 turns).

BinkBink the Slasher (Deep Dwarf Berserker)         Turns: 2184, Time: 00:02:59

Health: 0/49       AC:  9    Str: 21    XL:     5   Next: 0%
Magic:  5/5        EV:  9    Int:  8    God:    Trog [**....]
Gold:   109        SH:  0    Dex: 12    Spells: 4/4 levels left

rFire    x . .     SeeInvis .   a - +0 falchion
rCold    + . .     Gourm    .   (no shield)
rNeg     . . .     Faith    .   e - +0 chain mail
rPois    .         Spirit   .   (no helmet)
rElec    .         Reflect  .   (no cloak)
rCorr    .         Harm     .   (no gloves)
MR       .....                  (no boots)
Stlth    ..........             (no amulet)
HPRegen  0.00/turn              f - ring of ice
MPRegen  0.09/turn              (no ring)

@: non-regenerating
A: damage resistance, heal wounds, sense surroundings 1, no regeneration
a: Heal Wounds, Berserk, Trog's Hand, Renounce Religion


You were on level 4 of the Dungeon.
You worshipped Trog.
Trog was pleased with you.
You were hungry.

You visited 1 branch of the dungeon, and saw 4 of its levels.

You collected 109 gold pieces.

Inventory:

Hand Weapons
 a - a +0 falchion (weapon)
Armour
 e - a +0 chain mail (worn)
Jewellery
 f - a ring of ice (left hand)
Scrolls
 b - a scroll of immolation {unknown}
 d - 2 scrolls of fog {unknown}
 g - 3 scrolls of identify {unknown}
 i - 2 scrolls of amnesia {unknown}
 l - a scroll of remove curse {unknown}
Potions
 h - a potion of mutation {unknown}
 j - a potion of curing
 k - a potion of agility {unknown}
Comestibles
 c - 9 rations


   Skills:
 + Level 3.4 Fighting
 + Level 4.4 Long Blades
 + Level 3.0 Armour
 + Level 2.8 Dodging
 + Level 0.9 Stealth


You had 4 spell levels left.
You didn't know any spells.
Your spell library was empty.

Dungeon Overview and Level Annotations

Branches:
Dungeon (4/15)
 Temple: D:4-7

Altars:
Ru


Innate Abilities, Weirdness & Mutations

You are resistant to damage.
You can heal yourself by infusing magical energy.
You passively map a small area around you.
You do not regenerate.


Message History

The iguana is heavily wounded.
The iguana bites you.
The orc priest mumbles some strange prayers to Beogh against you.
Beogh smites you!
You hit the iguana but do no damage.
The iguana is heavily wounded.
The iguana hisses menacingly.
The iguana barely misses you.
You hit the iguana but do no damage.
The iguana is heavily wounded.
The iguana barely misses you.
You riposte.
You slash the iguana!
The iguana is almost dead.
The orc priest begins to cast a cantrip, but forgets the words!
You closely miss the iguana.
The iguana is almost dead.
The orc priest invokes the aid of Beogh against you.
Beogh smites you!
* * * LOW HITPOINT WARNING * * *
The iguana bites you.
You die...

.... ....,
..... ,
*##..... *
###### .......
#....# .......
#..{o###.......
## * ...#... *
* * [.....S.. ,
, ........o.,,
, , , ,


You could see an orc warrior, an iguana, 2 orc priests, an adder, 2 orcs and a
leopard gecko.

Vanquished Creatures
  A howler monkey (D:3)
  Terence (D:3)
  2 adders (D:3)
  An ooze (D:2)
  4 dart slugs
  3 orcs (D:3)
  7 giant cockroaches
  3 goblins
  3 hobgoblins
  2 jackals (D:1)
  A quokka (D:2)
  A ball python (D:2)
  5 bats
  4 kobolds
  2 rats
40 creatures vanquished.

Notes
Turn   | Place    | Note
-------+----------+-------------------------------------------
     0 | D:1      | BinkBink the Deep Dwarf Berserker began the quest for the
                  | Orb.
     0 | D:1      | Reached XP level 1. HP: 20/20 MP: 1/1
   221 | D:1      | Reached XP level 2. HP: 22/27 MP: 2/2
   913 | D:2      | Reached ** piety under Trog
  1030 | D:2      | Reached XP level 3. HP: 15/34 MP: 3/3
  1662 | D:3      | Reached XP level 4. HP: 11/42 MP: 4/4
  1785 | D:3      | Reached skill level 4 in Long Blades
  1886 | D:3      | Found a sacrificial altar of Ru.
  1992 | D:3      | Noticed Terence
  2031 | D:3      | Killed Terence
  2162 | D:4      | Noticed an orc warrior
  2169 | D:4      | Reached XP level 5. HP: 29/49 MP: 5/5
  2184 | D:4      | Slain by an iguana

Levels and vault maps discovered:
D:1:      co_arrival_random_square_maze, layout_basic
D:2:      layout_basic, first_ration, small_statue_intersection
D:3:      layout_basic, nicolae_ru_path_of_blood, uniq_terence
D:4:      layout_rooms, lemuel_round_altar, kennysheep_mini, uniq_blork_the_orc,
          uniq_natasha

Skill      XL: |  1  2  3  4 |
---------------+-------------+-----
Fighting       | 3 |  3.4
Long Blades    | 4 |  4.4
Armour         | 3 |  3.0
Dodging        | |  2.8
Stealth        | |  0.9

Action                   |  1- 3 |  4- 6 || total
-------------------------+-------+-------++-------
Melee: Falchion          |    74 |    83 ||   157
Invok: Trog's Hand       |       |     2 ||     2
 Stab: Sleeping          |     1 |       ||     1
  Eat: Chunk             |     2 |     2 ||     4
Armor: Animal skin       |     7 |       ||     7
       Chain mail        |    13 |    33 ||    46
Dodge: Dodged            |    43 |    38 ||    81
       Rpst.: Falchion   |    16 |    13 ||    29

Table legend:
 A = Non-vault XP
 B = Vault XP
 C = Vault XP percentage of total XP
 D = Non-vault monster count
 E = Vault monster count
 F = Vault count percentage of total count
                 A         B        C        D         E       F
            +---------+---------+-------+---------+---------+-------
      Total |     161 |      36 |  18.3 |      39 |       1 |   2.5
            +---------+---------+-------+---------+---------+-------
        D:1 |      27 |       0 |   0.0 |      15 |       0 |   0.0
        D:2 |      28 |       0 |   0.0 |      11 |       0 |   0.0
        D:3 |     104 |      36 |  25.7 |      12 |       1 |   7.7
        D:4 |       2 |       0 |   0.0 |       1 |       0 |   0.0
            +---------+---------+-------+---------+---------+-------
